PBL
DETROIT RED WINGS @ CHESTER PIRATES
09/05/2046
 
TOP OF THE 1ST
Detroit Red Wings batting - Pitching for Chester Pirates : RHP Sung-jae Choo
Pitching: RHP Sung-jae Choo
Batting: RHB Janne Vihko 0-0: Fly out, F7 (Flyball, 7LM, EV 94.4 MPH)
Batting: RHB Seth Fox 0-0: Called Strike
0-1: Ball
1-1: SINGLE (Groundball, P, EV 86.9 MPH) (infield hit)
Batting: RHB Jorge Lebron 0-0: Called Strike
0-1: Called Strike
0-2: Foul Ball, location: 2F
0-2: SINGLE (Groundball, 6M, EV 84.4 MPH) (infield hit)
Seth Fox to second
Batting: LHB Jamie Christian 0-0: Reached on error, E5 (Groundball, 5, EV 81.9 MPH)
Seth Fox to third
Jorge Lebron to second
Batting: RHB Yankel Pensak 0-0: Ball
1-0: Foul Ball, location: 2F
1-1: Fly out, F7 (Line Drive, 78M, EV 93.8 MPH)
Runner from 3rd tags up, SCORES, throw by LF
Batting: RHB Juan Perez 0-0: Ball
1-0: Called Strike
1-1: Ball
2-1: Ground out 5-3 (Groundball, 56S, EV 88.1 MPH)
Top of the 1st over - 1 run, 2 hits, 1 error, 2 left on base; Detroit 1 - Chester 0
BOTTOM OF THE 1ST
Chester Pirates batting - Pitching for Detroit Red Wings : LHP Satoru Mori
Pitching: LHP Satoru Mori
Batting: RHB Rusty Trader 0-0: Ball
1-0: Called Strike
1-1: Foul Ball, location: 2F
1-2: Foul Ball, location: 2F
1-2: Foul Ball, location: 2F
1-2: Strikes out swinging, 2-3 out at first.
Batting: LHB Chad Cutler 0-0: Ball
1-0: Foul Ball, location: 2F
1-1: Foul Ball, location: 2F
1-2: Ball
2-2: Strikes out swinging
Batting: RHB Dan Kurtz 0-0: Ball
1-0: Ball
2-0: Fly out, F9 (Line Drive, 89M, EV 94.4 MPH)
Bottom of the 1st over - 0 runs, 0 hits, 0 errors, 0 left on base; Detroit 1 - Chester 0
TOP OF THE 2ND
Detroit Red Wings batting - Pitching for Chester Pirates : RHP Sung-jae Choo
Batting: LHB Iestyn Peacock 0-0: Called Strike
0-1: Ball
1-1: Called Strike
1-2: Foul Ball, location: 2F
1-2: Ball
2-2: Fly out, F4 (Popup, 13S, EV 93.8 MPH)
Batting: SHB Salvador Lacosta 0-0: Called Strike
0-1: Called Strike
0-2: Ball
1-2: Fly out, F3 (Popup, 3F, EV 80.6 MPH)
Batting: RHB Dustin Bursell 0-0: Ball
1-0: Swinging Strike
1-1: Swinging Strike
1-2: Ball
2-2: Strikes out swinging
Top of the 2nd over - 0 runs, 0 hits, 0 errors, 0 left on base; Detroit 1 - Chester 0
BOTTOM OF THE 2ND
Chester Pirates batting - Pitching for Detroit Red Wings : LHP Satoru Mori
Batting: RHB Jon Solis 0-0: Hit by Pitch
Batting: RHB Ricky Alvarado 0-0: Ball
1-0: Ball
2-0: Called Strike
2-1: Called Strike
2-2: Foul Ball, location: 2F
2-2: Ball
3-2: Foul Ball, location: 2F
3-2: Base on Balls
Jon Solis to second
Batting: RHB Hector Barajas 0-0: Foul Ball, location: 2F
0-1: Ball
1-1: Foul Ball, location: 2F
1-2: Ball
2-2: Ball
3-2: Fielders Choice at 2nd, 3-6 (Groundball, 3S, EV 81.9 MPH)
Jon Solis to third
Batting: LHB Kazuyoshi Ikeda 0-0: Fielders Choice at 2nd, 3-6 (Groundball, 3, EV 101.9 MPH)
Jon Solis scores
Batting: LHB Damien Cohen 0-0: Ball
1-0: Ball
2-0: Swinging Strike
2-1: Foul Ball, location: 2F
2-2: Foul Ball, location: 2F
2-2: Strikes out swinging
Bottom of the 2nd over - 1 run, 0 hits, 0 errors, 1 left on base; Detroit 1 - Chester 1
TOP OF THE 3RD
Detroit Red Wings batting - Pitching for Chester Pirates : RHP Sung-jae Choo
Batting: RHB Janne Vihko 0-0: Called Strike
0-1: Swinging Strike
0-2: Ball
1-2: Ball
2-2: Strikes out swinging
Batting: RHB Seth Fox 0-0: Called Strike
0-1: Swinging Strike
0-2: Ball
1-2: Ball
2-2: Ball
3-2: Ground out 4-3 (Groundball, 4, EV 108.1 MPH)
Batting: RHB Jorge Lebron 0-0: Called Strike
0-1: Ball
1-1: Swinging Strike
1-2: Ball
2-2: Reached on error, E4 (Groundball, 4, EV 102.5 MPH)
Batting: LHB Jamie Christian 0-0: Fielders Choice at 2nd, 6-4 (Groundball, 6, EV 100.0 MPH)
Top of the 3rd over - 0 runs, 0 hits, 1 error, 1 left on base; Detroit 1 - Chester 1
BOTTOM OF THE 3RD
Chester Pirates batting - Pitching for Detroit Red Wings : LHP Satoru Mori
Batting: RHB Matt Derrien 0-0: Ball
1-0: Fly out, F8 (Flyball, 8RM, EV 95.6 MPH)
Batting: RHB Rusty Trader 0-0: Called Strike
0-1: Foul Ball, location: 2F
0-2: Ball
1-2: Strikes out looking
Batting: LHB Chad Cutler 0-0: Ball
1-0: Foul Ball, location: 2F
1-1: Ball
2-1: Foul Ball, location: 2F
2-2: Foul Ball, location: 2F
2-2: Ball
3-2: Fly out, F4 (Flyball, 4D, EV 91.2 MPH)
Bottom of the 3rd over - 0 runs, 0 hits, 0 errors, 0 left on base; Detroit 1 - Chester 1
TOP OF THE 4TH
Detroit Red Wings batting - Pitching for Chester Pirates : RHP Sung-jae Choo
Batting: RHB Yankel Pensak 0-0: Ball
1-0: Ball
2-0: Ground out 5-3 (Groundball, 5, EV 83.8 MPH)
Batting: RHB Juan Perez 0-0: Ball
1-0: Ground out 4-3 (Groundball, 13, EV 88.8 MPH)
Batting: LHB Iestyn Peacock 0-0: Called Strike
0-1: Foul Ball, location: 2F
0-2: Foul Ball, location: 2F
0-2: Ball
1-2: Strikes out swinging
Top of the 4th over - 0 runs, 0 hits, 0 errors, 0 left on base; Detroit 1 - Chester 1
BOTTOM OF THE 4TH
Chester Pirates batting - Pitching for Detroit Red Wings : LHP Satoru Mori
Batting: RHB Dan Kurtz 0-0: Ball
1-0: Foul Ball, location: 2F
1-1: Ball
2-1: Ball
3-1: SINGLE (Groundball, 4MD, EV 103.8 MPH)
Batting: RHB Jon Solis 0-0: Ball
1-0: DOUBLE (Line Drive, 9LS, EV 92.5 MPH)
Dan Kurtz to third
Batting: RHB Ricky Alvarado 0-0: Ball
1-0: Called Strike
1-1: Foul Ball, location: 2F
1-2: Ball
2-2: Ball
3-2: Strikes out looking
Pitching: RHP Alvaro Patino
Batting: RHB Hector Barajas 0-0: Ball
1-0: Called Strike
1-1: Ball
2-1: Fly out, F7 (Flyball, 7, EV 86.2 MPH)
Batting: LHB Kazuyoshi Ikeda 0-0: Called Strike
0-1: Ball
1-1: Ball
2-1: Foul Ball, location: 2F
2-2: Strikes out looking
Bottom of the 4th over - 0 runs, 2 hits, 0 errors, 2 left on base; Detroit 1 - Chester 1
TOP OF THE 5TH
Detroit Red Wings batting - Pitching for Chester Pirates : RHP Sung-jae Choo
Batting: SHB Salvador Lacosta 0-0: Ball
1-0: Ball
2-0: Ground out U3 (Groundball, 3, EV 89.4 MPH)
Batting: RHB Dustin Bursell 0-0: Ground out U3 (Groundball, 34S, EV 93.8 MPH)
Batting: RHB Janne Vihko 0-0: Ball
1-0: Ball
2-0: Called Strike
2-1: Swinging Strike
2-2: Foul Ball, location: 2F
2-2: Foul Ball, location: 2F
2-2: Foul Ball, location: 2F
2-2: Ball
3-2: SINGLE (Groundball, 56S, EV 74.4 MPH) (infield hit)
Batting: RHB Seth Fox 0-0: Ball
1-0: Ball
2-0: Ball
3-0: Called Strike
3-1: Reached on error, E6 (Groundball, 6S, EV 85.6 MPH)
Janne Vihko to second
Batting: RHB Jorge Lebron 0-0: Called Strike
0-1: Called Strike
0-2: SINGLE (Line Drive, 9LS, EV 88.1 MPH)
Janne Vihko to third
Seth Fox to second
Runner from 3rd tries for Home, throw by RF and OUT! 9-2
Top of the 5th over - 0 runs, 2 hits, 1 error, 2 left on base; Detroit 1 - Chester 1
BOTTOM OF THE 5TH
Chester Pirates batting - Pitching for Detroit Red Wings : RHP Alvaro Patino
Batting: LHB Damien Cohen 0-0: Ball
1-0: Called Strike
1-1: Foul Ball, location: 2F
1-2: Foul Ball, location: 2F
1-2: Strikes out swinging
Batting: RHB Matt Derrien 0-0: Called Strike
0-1: DOUBLE (Flyball, 78D, EV 106.9 MPH)
Batting: RHB Rusty Trader 0-0: Called Strike
0-1: Foul Ball, location: 2F
0-2: Ball
1-2: Strikes out swinging
Batting: LHB Chad Cutler 0-0: Ball
1-0: Called Strike
1-1: Ball
2-1: Called Strike
2-2: Strikes out swinging
Bottom of the 5th over - 0 runs, 1 hit, 0 errors, 1 left on base; Detroit 1 - Chester 1
TOP OF THE 6TH
Detroit Red Wings batting - Pitching for Chester Pirates : RHP Sung-jae Choo
Batting: LHB Jamie Christian 0-0: Ball
1-0: Called Strike
1-1: Ball
2-1: Ball
3-1: Foul Ball, location: 2F
3-2: Fly out, F8 (Flyball, 89S, EV 89.4 MPH)
Batting: RHB Yankel Pensak 0-0: Called Strike
0-1: Ball
1-1: Reached on error, E6 (Groundball, 6, EV 78.8 MPH)
Batting: RHB Juan Perez 0-0: Intentional Walk
Batting: LHB Iestyn Peacock 0-0: Fielders Choice at 2nd, 4-6 (Groundball, 4D, EV 106.2 MPH)
Yankel Pensak to third
Batting: SHB Salvador Lacosta 0-0: SINGLE (Groundball, 34S, EV 83.1 MPH) (infield hit)
Yankel Pensak scores
Iestyn Peacock to second
Batting: RHB Dustin Bursell 0-0: Foul Ball, location: 2F
0-1: Foul Ball, location: 2F
0-2: Foul Ball, location: 2F
0-2: 3-RUN HOME RUN (Flyball, 7D, EV 99.4 MPH), Distance : 399 ft
Batting: RHB Janne Vihko 0-0: SINGLE (Groundball, 6MD, EV 102.5 MPH)
Batting: RHB Seth Fox 0-0: Ball
1-0: Ball
2-0: Ball
3-0: Called Strike
3-1: Called Strike
3-2: Base on Balls
Janne Vihko to second
Batting: RHB Jorge Lebron 0-0: Ball
1-0: Ball
2-0: Swinging Strike
2-1: Ball
3-1: Base on Balls
Janne Vihko to third
Seth Fox to second
Pitching: RHP Bill Gomez
Batting: LHB Jamie Christian 0-0: Called Strike
0-1: DOUBLE (Flyball, 78XD, EV 97.5 MPH)
Janne Vihko scores
Seth Fox scores
Jorge Lebron to third
Batting: RHB Yankel Pensak 0-0: Ground out 6-3 (Groundball, 6, EV 90.0 MPH)
Top of the 6th over - 6 runs, 4 hits, 1 error, 2 left on base; Detroit 7 - Chester 1
BOTTOM OF THE 6TH
Chester Pirates batting - Pitching for Detroit Red Wings : RHP Alvaro Patino
Batting: RHB Dan Kurtz 0-0: Ball
1-0: Ball
2-0: Foul Ball, location: 2F
2-1: SOLO HOME RUN (Flyball, 78XD, EV 113.1 MPH), Distance : 438 ft
Batting: RHB Jon Solis 0-0: Ground out U3 (Groundball, 34, EV 80.0 MPH)
Batting: RHB Ricky Alvarado 0-0: Ground out 6-3 (Groundball, P, EV 90.6 MPH)
Batting: RHB Hector Barajas 0-0: Ball
1-0: Swinging Strike
1-1: Foul Ball, location: 2F
1-2: Ground out 6-3 (Groundball, 6, EV 101.2 MPH)
Bottom of the 6th over - 1 run, 1 hit, 0 errors, 0 left on base; Detroit 7 - Chester 2
TOP OF THE 7TH
Detroit Red Wings batting - Pitching for Chester Pirates : RHP Bill Gomez
Batting: RHB Juan Perez 0-0: Called Strike
0-1: Foul Ball, location: 2F
0-2: Ball
1-2: Ball
2-2: Ground out 6-3 (Groundball, 6S, EV 88.1 MPH)
Batting: LHB Iestyn Peacock 0-0: SOLO HOME RUN (Flyball, 9LD, EV 95.0 MPH), Distance : 356 ft
Batting: SHB Salvador Lacosta 0-0: Foul Ball, location: 2F
0-1: Ground out 4-3 (Groundball, 4, EV 91.2 MPH)
Batting: RHB Dustin Bursell 0-0: Swinging Strike
0-1: Ball
1-1: Foul Ball, location: 2F
1-2: Ball
2-2: Foul Ball, location: 2F
2-2: Ball
3-2: Foul Ball, location: 2F
3-2: Base on Balls
Pitching: LHP Juan Hernandez
Batting: RHB Janne Vihko 0-0: Fly out, F9 (Flyball, 9LSF, EV 73.8 MPH)
Top of the 7th over - 1 run, 1 hit, 0 errors, 1 left on base; Detroit 8 - Chester 2
BOTTOM OF THE 7TH
Chester Pirates batting - Pitching for Detroit Red Wings : RHP Alvaro Patino
Batting: LHB Kazuyoshi Ikeda 0-0: Ball
1-0: Called Strike
1-1: Foul Ball, location: 2F
1-2: Ground out U3 (Groundball, 3, EV 85.0 MPH)
Batting: LHB Damien Cohen 0-0: Called Strike
0-1: Ball
1-1: Ball
2-1: Fly out, F8 (Flyball, 8RS, EV 90.0 MPH)
Batting: RHB Matt Derrien 0-0: SINGLE (Groundball, 56, EV 102.5 MPH)
Batting: RHB Rusty Trader 0-0: Ball
1-0: Foul Ball, location: 2F
1-1: Ball
2-1: Called Strike
2-2: Strikes out swinging
Bottom of the 7th over - 0 runs, 1 hit, 0 errors, 1 left on base; Detroit 8 - Chester 2
TOP OF THE 8TH
Detroit Red Wings batting - Pitching for Chester Pirates : LHP Juan Hernandez
Batting: RHB Seth Fox 0-0: Ball
1-0: Called Strike
1-1: Swinging Strike
1-2: Fly out, F7 (Flyball, 7LM, EV 81.9 MPH)
Batting: RHB Jorge Lebron 0-0: Ball
1-0: Called Strike
1-1: Ball
2-1: Ball
3-1: Called Strike
3-2: Strikes out swinging
Batting: LHB Jamie Christian 0-0: SINGLE (Groundball, 3D, EV 108.8 MPH)
Batting: RHB Yankel Pensak 0-0: Ball
1-0: Ball
2-0: Called Strike
2-1: Fly out, F8 (Flyball, 8LM, EV 95.6 MPH)
Top of the 8th over - 0 runs, 1 hit, 0 errors, 1 left on base; Detroit 8 - Chester 2
BOTTOM OF THE 8TH
Chester Pirates batting - Pitching for Detroit Red Wings : RHP Alvaro Patino
Batting: LHB Chad Cutler 0-0: Foul Ball, location: 2F
0-1: Swinging Strike
0-2: Ball
1-2: Ball
2-2: Strikes out looking
Pitching: RHP Leon Benitez
Batting: RHB Dan Kurtz 0-0: Called Strike
0-1: Fly out, F9 (Flyball, 9, EV 91.2 MPH)
Batting: RHB Jon Solis 0-0: Ball
1-0: Ball
2-0: Called Strike
2-1: Ball
3-1: Fly out, F8 (Flyball, 8LM, EV 86.9 MPH)
Bottom of the 8th over - 0 runs, 0 hits, 0 errors, 0 left on base; Detroit 8 - Chester 2
TOP OF THE 9TH
Detroit Red Wings batting - Pitching for Chester Pirates : LHP Juan Hernandez
Batting: RHB Juan Perez 0-0: Ball
1-0: Foul Ball, location: 2F
1-1: Hit by Pitch
Pitching: LHP Angel Juarez
Batting: LHB Iestyn Peacock 0-0: Ball
1-0: SINGLE (Line Drive, 4MD, EV 96.2 MPH)
Juan Perez to second
Batting: SHB Salvador Lacosta 0-0: Called Strike
0-1: Called Strike
0-2: Ball
1-2: Foul Ball, location: 2F
1-2: Strikes out swinging
Batting: RHB Dustin Bursell 0-0: Called Strike
0-1: DOUBLE (Flyball, 89D, EV 98.8 MPH)
Juan Perez scores
Iestyn Peacock to third
Batting: RHB Janne Vihko 0-0: SINGLE (Groundball, 56S, EV 73.1 MPH) (infield hit)
Iestyn Peacock scores
Dustin Bursell to third
Batting: RHB Seth Fox 0-0: Ball
1-0: Ball
2-0: Foul Ball, location: 2F
2-1: Ball
3-1: Foul Ball, location: 2F
3-2: Base on Balls
Janne Vihko to second
Batting: RHB Jorge Lebron 0-0: Foul Ball, location: 2F
0-1: DOUBLE (Groundball, 5L, EV 94.4 MPH)
Dustin Bursell scores
Janne Vihko scores
Seth Fox to third
Pitching: RHP Tomas Cavazos
Pinch Hitting: SHB Isaiah Bias 0-0: SINGLE (Groundball, 6, EV 100.6 MPH)
Seth Fox scores
Jorge Lebron to third
Runner from 3rd tries for Home, SAFE, throw by LF to home
Isaiah Bias to second
Batting: RHB Yankel Pensak 0-0: Foul Ball, location: 2F
0-1: Ball
1-1: Ground out 6-3 (Groundball, 6M, EV 85.0 MPH)
Isaiah Bias to third
Batting: RHB Juan Perez 0-0: Ball
1-0: Ground out 6-3 (Groundball, 4M, EV 102.5 MPH)
Top of the 9th over - 6 runs, 5 hits, 0 errors, 1 left on base; Detroit 14 - Chester 2
BOTTOM OF THE 9TH
Chester Pirates batting - Pitching for Detroit Red Wings : RHP Leon Benitez
Now at 1B: Franklin Garza
Batting: RHB Ricky Alvarado 0-0: Fly out, F8 (Flyball, 8LM, EV 85.0 MPH)
Batting: RHB Hector Barajas 0-0: Called Strike
0-1: Ball
1-1: Ball
2-1: Swinging Strike
2-2: Ball
3-2: Strikes out swinging
Batting: LHB Kazuyoshi Ikeda 0-0: Ball
1-0: Swinging Strike
1-1: Ground out 4-3 (Groundball, 4, EV 107.5 MPH)
Bottom of the 9th over - 0 runs, 0 hits, 0 errors, 0 left on base; Detroit 14 - Chester 2
Tuesday, September 13th , 2022 - OOTP Baseball 23.7 Build 88